 Dungeon Crawl Stone Soup version 0.19.4-8-ga85b6b9 (webtiles) character file.

47 TryAgain the Sneak (level 3, -1/25 HPs)
             Began as an Octopode Assassin on Feb 9, 2017.
             Shot with a stone by a goblin (6 damage)
             ... on level 3 of the Dungeon.
             The game lasted 00:03:38 (1693 turns).

TryAgain the Sneak (Octopode Assassin)              Turns: 1693, Time: 00:03:39

Health: -1/25      AC:  1    Str: 10    XL:     3   Next: 70%
Magic:  3/3        EV: 13    Int: 13    God:
Gold:   80         SH:  0    Dex: 14    Spells: 0 memorised, 2 levels left

rFire  . . .     SeeInvis .     a - +2 dagger
rCold  . . .     Gourm    .     (no shield)
rNeg   . . .     Faith    .     (helmet restricted)
rPois  .         Spirit   .     (no amulet)
rElec  .         Reflect  .     (no ring)
rCorr  .         Harm     .     (no ring)
MR     .....                    (no ring)
Stlth  ++++......               (no ring)
                                (no ring)
                                (no ring)
                                (no ring)
                                (no ring)

@: no status effects
A: almost no armour, stealthy swim, amphibious, 8 rings, constrict 8, camouflage
1, gelatinous body 1
a: no special abilities


You were on level 3 of the Dungeon.
You were very hungry.

You visited 1 branch of the dungeon, and saw 3 of its levels.

You collected 80 gold pieces.

Inventory:

Hand Weapons
 a - a +2 dagger (weapon)
 b - a +0 blowgun
Missiles
 c - 8 poisoned needles
 d - 2 curare-tipped needles
 n - 6 needles of paralysis
Jewellery
 t - an uncursed ring of poison resistance {unknown}
 u - an uncursed ring of stealth {unknown}
Wands
 q - a wand of lightning (10/15)
Scrolls
 e - a scroll of immolation {unknown}
 h - 2 scrolls of blinking {unknown}
 i - 3 scrolls of identify {unknown}
 k - a scroll of noise {unknown}
 l - a scroll of remove curse {unknown}
Potions
 g - a potion of brilliance {unknown}
 j - a potion of invisibility {unknown}
 m - a potion of degeneration {unknown}
 p - 2 potions of curing {unknown}
 r - a potion of beneficial mutation {unknown}
Comestibles
 f - 2 bread rations
 o - 3 beef jerkies
 s - a meat ration


   Skills:
 + Level 2.4 Fighting
 + Level 2.4 Short Blades
 + Level 2.7 Throwing
 + Level 1.4 Dodging
 + Level 5.7 Stealth


You had 2 spell levels left.
You didn't know any spells.

Dungeon Overview and Level Annotations

Branches:
Dungeon (3/15)

Altars:


Innate Abilities, Weirdness & Mutations

You cannot wear most types of armour.
You are very stealthy in the water. (Stealth+)
You are amphibious.
You can wear up to eight rings at the same time.
You can use your tentacles to constrict eight enemies at once.
Your skin changes colour to match your surroundings (Stealth+).
Your rubbery body absorbs attacks. (AC +1, EV +1)


Message History

The goblin wields a hunting sling.
The goblin shoots a stone.
The stone barely misses you.
A rat and a goblin come into view.
You see here a stone.
You hit the orc. You grab the orc.
The orc is heavily wounded.
You constrict the orc, but do no damage.
The orc hits you with a whip.
You hit the orc.
You kill the orc!
The goblin shoots a stone.
The stone hits you.
You see here a ball python corpse.
The goblin shoots a stone.
The stone hits you.
* * * LOW HITPOINT WARNING * * *
You closely miss the rat. Your grab misses the rat. The rat bites you.
* * * LOW HITPOINT WARNING * * *
You completely miss the rat. You grab the rat. You squeeze the rat.
You kill the rat!
The goblin shoots a stone.
The stone hits you.
You die...

#.#.#.## .#
#....#.# .#
.. ###...##
..#..8 ##.##
....8.
#.####.... 8
#.#...#.#...
#.#....g....
##.#†()#
#..@#.##
#..........
......#.#####
########.#
#.# #.# #.#


You could see a goblin.

Vanquished Creatures
  An adder (D:2)
  A worm (D:2)
  2 dart slugs (D:2)
  A leopard gecko (D:2)
  An orc (D:3)
  A ball python (D:3)
  3 giant cockroaches
  3 hobgoblins
  2 kobolds (D:2)
  A quokka (D:2)
  5 bats
  2 frilled lizards
  3 goblins
  2 rats
28 creatures vanquished.

Notes
Turn   | Place    | Note
-------+----------+-------------------------------------------
     0 | D:1      | TryAgain the Octopode Assassin began the quest for the Orb.
     0 | D:1      | Reached XP level 1. HP: 14/14 MP: 1/1
   292 | D:1      | Reached XP level 2. HP: 18/19 MP: 2/2
   944 | D:2      | Reached XP level 3. HP: 15/24 MP: 3/3
  1693 | D:3      | Shot with a stone by a goblin

Action                   || total
-------------------------++-------
Melee: Dagger            ||    46
       Constrict         ||    10
       Tentacles         ||     3
 Stab: Sleeping          ||    14
  Eat: Chunk             ||     1
Armor: Skin              ||     2
Dodge: Dodged            ||    19
